[Event "Titled Tuesday Blitz May 30 Late 2023"]
[White "Kovacevic, Radmila"]
[Black "Petrovic, Aleksa"]
[WhiteFideId "933171"]
[BlackFideId "967629"]
[WhiteElo "2194"]
[BlackElo "2309"]
[Result "0-1"]
[Round "03"]
[TimeControl "180+2"]
[Date "2023.05.31"]
[WhiteClock "0:00:01"]
[BlackClock "0:00:07"]

1. e4 d5 2. exd5 Qxd5 3. Nf3 Nf6 4. Be2 g6 5. O-O Bg7 6. h3 O-O 7. Nc3 Qd8 8. d4 b6 9. Ne5 Bb7 10. Bf3 Qc8 11. Bf4 Rd8 12. Re1 e6 13. Bxb7 Qxb7 14. Qe2 Re8 15. Rad1 Nbd7 16. Nc4 Rad8 17. g4 Nd5 18. Bg3 Nxc3 19. bxc3 Nf6 20. Ne3 Nd5 21. Qd3 c5 22. Nc4 cxd4 23. Nd6 Rxd6 24. Bxd6 Nxc3 25. Ra1 e5 26. Bb4 e4 27. Qc4 Rc8 28. Qb3 Nd5 29. Rac1 Nf4 30. Bd6 Rc3 31. Qxc3 dxc3 32. Bxf4 h5 33. Rcd1 hxg4 34. Rd8+ Kh7 35. hxg4 Qe7 36. Rb8 Qe6 37. Bg3 Qxg4 38. Kh2 f5 39. Rh1 Bh6 40. Kg2 f4 41. Rb7+ Kg8 42. Rb8+ Kg7 43. Rb7+ Kf6 44. Rxh6 Qf3+ 45. Kh2 fxg3+ 46. fxg3 Qf2+ 47. Kh3 Qxc2 0-1


[Site "https://www.chess.com"]

[Event "Titled Tuesday Blitz May 30 Late 2023"]
[White "Schut, Han"]
[Black "Mazurkiewicz, Michal"]
[WhiteFideId "1005561"]
[BlackFideId "1124943"]
[WhiteElo "2024"]
[BlackElo "2054"]
[Result "0-1"]
[Round "03"]
[TimeControl "180+2"]
[Date "2023.05.31"]
[WhiteClock "0:00:20"]
[BlackClock "0:01:26"]

1. e4 d6 2. d4 Nf6 3. Nc3 c6 4. f4 Qb6 5. Nf3 Bg4 6. e5 Nd5 7. Nxd5 cxd5 8. c3 Nc6 9. h3 Bxf3 10. Qxf3 e6 11. Bd3 g6 12. Qf2 h5 13. Be3 Ne7 14. O-O Nf5 15. Rab1 Be7 16. Bd2 Rc8 17. a3 Kf8 18. g4 hxg4 19. hxg4 Bh4 20. Qf3 Ng3 21. f5 gxf5 22. gxf5 dxe5 23. fxe6 Qxe6 24. dxe5 Nxf1 25. Ra1 Nxd2 0-1


[Site "https://www.chess.com"]

[Event "Titled Tuesday Blitz May 30 Late 2023"]
[White "sebastianmarinp"]
[Black "Martinez, Ayelen"]
[BlackFideId "118702"]
[WhiteElo "2398"]
[BlackElo "2125"]
[Result "1-0"]
[Round "03"]
[TimeControl "180+2"]
[Date "2023.05.31"]
[WhiteClock "0:00:28"]
[BlackClock "0:00:10"]

1. e4 c5 2. Nf3 d6 3. d4 cxd4 4. Nxd4 Nf6 5. Nc3 a6 6. f3 e5 7. Nb3 Be7 8. Be3 Be6 9. Qd2 O-O 10. O-O-O Qc7 11. g4 Rc8 12. g5 Nh5 13. Nd5 Bxd5 14. exd5 Nd7 15. Bh3 g6 16. Bg4 Nf4 17. Bxf4 exf4 18. h4 Bf8 19. Kb1 Bg7 20. h5 a5 21. hxg6 hxg6 22. Rh2 Re8 23. Bxd7 Qxd7 24. Nd4 a4 25. a3 Re3 26. c3 Rae8 27. Rdh1 Qe7 28. Ka2 Qxg5 29. Nb5 Qe5 30. Qd1 Rc8 31. Rd2 Rc5 32. Qxa4 Bf8 33. Rdh2 Qxd5+ 34. c4 Qe5 35. Rh8+ Qxh8 36. Rxh8+ Kxh8 37. Qa8 Kg7 38. Qxb7 Rxc4 39. Nc7 Rc5 40. Nd5 Re2 41. Nxf4 Rec2 42. Ne6+ Kf6 43. Nxf8 Re5 44. Nd7+ Kf5 45. Nxe5 dxe5 46. Qe4+ 1-0


[Site "https://www.chess.com"]

[Event "Titled Tuesday Blitz May 30 Late 2023"]
[White "Cardozo Munar, Carlos Eduardo"]
[Black "Alexikov, Alexander"]
[WhiteFideId "4409477"]
[BlackFideId "14103958"]
[WhiteElo "2067"]
[BlackElo "2186"]
[Result "1-0"]
[Round "03"]
[TimeControl "180+2"]
[Date "2023.05.31"]
[WhiteClock "0:00:44"]
[BlackClock "0:00:02"]

1. d4 Nf6 2. Bg5 e6 3. e4 h6 4. Bxf6 Qxf6 5. c3 d6 6. Nd2 g5 7. Bd3 Bg7 8. Qe2 Nc6 9. Ngf3 g4 10. Ng1 h5 11. h3 Qg5 12. hxg4 hxg4 13. Rxh8+ Bxh8 14. Qe3 Qh5 15. O-O-O Bd7 16. Ne2 O-O-O 17. Ng3 Qa5 18. Kb1 Bf6 19. Nc4 Qg5 20. f4 gxf3 21. Qxg5 Bxg5 22. gxf3 Rh8 23. Rh1 Rxh1+ 24. Nxh1 b5 25. Na3 a6 26. Nc2 e5 27. Ng3 Kb7 28. Ne2 Ne7 29. d5 f5 30. c4 fxe4 31. fxe4 Bd2 32. cxb5 axb5 33. Na3 Kb6 34. Kc2 Be3 35. Kb3 c5 36. Nc3 c4+ 37. Bxc4 bxc4+ 38. Nxc4+ Kc5 39. Nxe3 Kd4 40. Nc2+ Kd3 41. a4 Nc8 42. a5 Na7 43. Nb4+ Kd4 44. Nc2+ Kd3 45. Ne1+ Ke3 46. Kb4 Kd2 47. Nf3+ Kc2 48. b3 Kd3 49. Ng5 Ke3 50. Nf7 Nc8 51. a6 Kd4 52. Nxd6 1-0


[Site "https://www.chess.com"]

[Event "Titled Tuesday Blitz May 30 Late 2023"]
[White "Ansh M Shah"]
[Black "Osmonbekov, Talaibek"]
[WhiteFideId "25033379"]
[BlackFideId "2017253"]
[WhiteElo "2084"]
[BlackElo "2135"]
[Result "1-0"]
[Round "03"]
[TimeControl "180+2"]
[Date "2023.05.31"]
[WhiteClock "0:00:43"]
[BlackClock "0:00:08"]

1. d4 e6 2. c4 f5 3. g3 Nf6 4. Bg2 Be7 5. Nf3 O-O 6. O-O d6 7. Nc3 Ne4 8. Qc2 Nxc3 9. Qxc3 a5 10. Rd1 Bf6 11. Qc2 Nc6 12. b3 Qe8 13. Bb2 e5 14. dxe5 dxe5 15. e4 f4 16. gxf4 exf4 17. e5 Be7 18. Qe4 Be6 19. Kh1 g5 20. Rg1 Kh8 21. Nd4 Nxd4 22. Bxd4 c6 23. Rad1 Qh5 24. Bf3 g4 25. Be2 f3 26. Bd3 Bg5 27. Be3 Be7 28. Bf4 Rad8 29. Bg3 Qf7 30. Bc2 h5 31. Rxd8 Bxd8 32. Bf4 Bf5 33. Qxf5 Qxf5 34. Bxf5 Rxf5 35. Rd1 Bb6 36. Bg3 h4 37. Bxh4 Rxe5 38. Bf6+ 1-0


[Site "https://www.chess.com"]

[Event "Titled Tuesday Blitz May 30 Late 2023"]
[White "mohsengabr2002"]
[Black "Carrasco Miranda, Andres"]
[BlackFideId "3405990"]
[WhiteElo "2226"]
[BlackElo "2183"]
[Result "0-1"]
[Round "03"]
[TimeControl "180+2"]
[Date "2023.05.31"]
[WhiteClock "0:00:35"]
[BlackClock "0:01:41"]

1. e4 e5 2. Nf3 Nc6 3. Nc3 Nf6 4. g3 Nxe4 5. Nxe4 d5 6. Nc3 d4 7. Bg2 dxc3 8. bxc3 Bd6 9. d3 Bg4 10. h3 Bh5 11. O-O O-O 12. Be3 Qd7 13. g4 Bg6 14. Nh4 Rab8 15. Rb1 Ne7 16. Bxa7 Ra8 17. Rxb7 f5 18. Nxg6 Nxg6 19. gxf5 Nf4 20. Qg4 h5 21. Qh4 Be7 22. Qxf4 exf4 23. Rfb1 f3 24. Bxf3 Qxf5 25. Bg2 Rxa7 0-1


[Site "https://www.chess.com"]

[Event "Titled Tuesday Blitz May 30 Late 2023"]
[White "Gasparyan, David"]
[Black "Prithu Gupta"]
[WhiteFideId "13311980"]
[BlackFideId "46618546"]
[WhiteElo "2390"]
[BlackElo "2344"]
[Result "1-0"]
[Round "03"]
[TimeControl "180+2"]
[Date "2023.05.31"]
[WhiteClock "0:01:21"]
[BlackClock "0:01:40"]

1. Nf3 d5 2. g3 g6 3. Bg2 Bg7 4. d3 e5 5. O-O Ne7 6. Qe1 O-O 7. e4 Nbc6 8. c3 h6 9. Nbd2 Kh7 10. exd5 Nxd5 11. Nc4 Bf5 12. Qe2 Nxc3 13. bxc3 Bxd3 14. Qb2 Bxc4 15. Re1 b5 16. Nd2 Bd5 17. Qxb5 Bxg2 18. Kxg2 Ne7 19. Nf3 c6 20. Qc4 Qd6 21. a4 Qd5 22. Qxd5 Nxd5 23. Nxe5 Rac8 24. Ba3 Rfe8 25. Nxf7 Bxc3 26. Rxe8 Rxe8 27. Rb1 Kg7 28. Rb7 Kf6 29. Nd6 Re6 30. f4 Bd4 31. Rf7# 1-0


[Site "https://www.chess.com"]

[Event "Titled Tuesday Blitz May 30 Late 2023"]
[White "Papp, Petra"]
[Black "Brown, Raehanna"]
[WhiteFideId "739049"]
[BlackFideId "7402740"]
[WhiteElo "2259"]
[BlackElo "1655"]
[Result "0-1"]
[Round "03"]
[TimeControl "180+2"]
[Date "2023.05.31"]
[WhiteClock "0:00:22"]
[BlackClock "0:00:11"]

1. d4 Nf6 2. c4 g6 3. Nc3 Bg7 4. e4 d6 5. h3 O-O 6. Be3 Nbd7 7. g4 c5 8. d5 a6 9. Nge2 b5 10. Ng3 bxc4 11. Bxc4 Ne5 12. Be2 Qb6 13. Rb1 a5 14. f4 Ned7 15. g5 Ne8 16. h4 Ba6 17. Kf2 Bxe2 18. Qxe2 Nc7 19. h5 Rfb8 20. hxg6 fxg6 21. Qg4 Nf8 22. Nce2 Qa6 23. f5 Rxb2 24. Rxb2 Bxb2 25. f6 exf6 26. gxf6 Bxf6 27. Nf5 Ne8 28. Nh6+ Kh8 29. Bg5 Qc8 30. Qf4 Kg7 31. Bxf6+ Nxf6 32. Ng3 Qd8 33. Ngf5+ gxf5 34. Nxf5+ Kh8 35. Nxd6 Qxd6 36. Qh4 Ng6 37. Qh3 Nxe4+ 38. Ke3 Qe7 39. d6 Nxd6+ 40. Kd2 Ne4+ 41. Kc1 Rb8 42. Qf5 Nd6 43. Qxg6 Qe3+ 44. Kc2 Qe2+ 45. Kc1 Qb2+ 46. Kd1 Qb1+ 47. Qxb1 Rxb1+ 48. Kd2 Rxh1 0-1


[Site "https://www.chess.com"]

[Event "Titled Tuesday Blitz May 30 Late 2023"]
[White "Gardezi, Arsal"]
[Black "Szente Varga, Fruzsina"]
[WhiteFideId "30949521"]
[BlackFideId "712264"]
[WhiteElo "1906"]
[BlackElo "1994"]
[Result "1-0"]
[Round "03"]
[TimeControl "180+2"]
[Date "2023.05.31"]
[WhiteClock "0:00:12"]
[BlackClock "0:00:12"]

1. e4 Nf6 2. e5 Nd5 3. c4 Nb6 4. d4 d6 5. exd6 exd6 6. Nf3 Be7 7. Nc3 O-O 8. Be2 Re8 9. O-O Nc6 10. Be3 Bg4 11. b3 Bf6 12. Rc1 d5 13. h3 Bxf3 14. Bxf3 dxc4 15. d5 Ne5 16. Bxb6 axb6 17. bxc4 Nxc4 18. Nb5 Nb2 19. Qb3 Rc8 20. Rc2 c6 21. dxc6 bxc6 22. Na7 Rc7 23. Nxc6 Qc8 24. Rfc1 Re6 25. Ne7+ Rexe7 26. Qxb6 Rxc2 27. Rxc2 Re1+ 28. Kh2 Qe8 29. Bg4 Qe5+ 30. f4 Qxf4+ 31. g3 Qe5 32. Rc8+ Qe8 33. Rxe8+ Rxe8 34. Qc6 Rd8 35. a4 Rd2+ 36. Kg1 h5 37. Bf5 Bd4+ 38. Kf1 g6 39. Be4 Rf2+ 40. Ke1 Rf6 41. Qc8+ Kg7 42. Qd7 Be5 43. Qd5 Bxg3+ 44. Ke2 Nxa4 45. Qd4 Nb6 46. Qe3 Bf4 47. Qd4 h4 48. Bf3 g5 49. Kd3 Kg6 50. Be4+ Kg7 51. Qc5 Nd7 52. Qe7 Ne5+ 53. Ke2 Ng6 54. Qc5 Rd6 55. Qf5 Re6 56. Kf3 Re5 57. Qd7 Ne7 58. Bd3 Re6 59. Bc4 Re5 60. Qd4 Kh6 61. Bxf7 Re3+ 62. Kf2 Nf5 63. Qf6+ Kh7 64. Qg6+ Kh8 65. Qg8# 1-0


[Site "https://www.chess.com"]

[Event "Titled Tuesday Blitz May 30 Late 2023"]
[White "K2JW"]
[Black "Elaisaz"]
[WhiteElo "2361"]
[BlackElo "2178"]
[Result "1-0"]
[Round "03"]
[TimeControl "180+2"]
[Date "2023.05.31"]
[WhiteClock "0:00:13"]
[BlackClock "0:00:02"]

1. e4 d6 2. d4 g6 3. Nc3 Bg7 4. Be3 Nd7 5. Qd2 Ngf6 6. f3 c6 7. h4 b5 8. Bd3 h5 9. Nh3 Nb6 10. Ng5 Nc4 11. Bxc4 bxc4 12. O-O O-O 13. Qe2 Rb8 14. Rab1 Nd7 15. Qxc4 Qa5 16. b4 Qc7 17. b5 c5 18. Nd5 Qd8 19. Nf4 Nb6 20. Qb3 cxd4 21. Bf2 Bd7 22. Nxg6 d5 23. Nxf8 Qxf8 24. exd5 Rd8 25. Rfd1 1-0


[Site "https://www.chess.com"]

[Event "Titled Tuesday Blitz May 30 Late 2023"]
[White "Celestino, Rafael Teixeira"]
[Black "Fuentes Godoy, Lilia Ivonne"]
[WhiteFideId "2108925"]
[BlackFideId "5104130"]
[WhiteElo "2360"]
[BlackElo "2096"]
[Result "0-1"]
[Round "03"]
[TimeControl "180+2"]
[Date "2023.05.31"]
[WhiteClock "0:00:01"]
[BlackClock "0:00:01"]

1. e4 c5 2. Nf3 Nc6 3. d4 cxd4 4. Nxd4 e5 5. Nb5 a6 6. N5c3 Nf6 7. Bg5 Be7 8. Bxf6 Bxf6 9. Nd5 b5 10. Be2 Bb7 11. O-O O-O 12. Bg4 d6 13. a4 b4 14. Nd2 a5 15. Re1 Ne7 16. Ne3 d5 17. exd5 Nxd5 18. Ne4 Nxe3 19. Rxe3 Be7 20. Rd3 Qb6 21. Ng3 Bc5 22. Qe1 e4 23. Rd7 e3 24. fxe3 Bxe3+ 25. Kh1 Qc6 26. Qe2 Rae8 27. Bf3 Qxd7 28. Rd1 Bxf3 29. Qxf3 Qe6 30. Nf5 Bg5 31. h4 Bf6 32. h5 Qc4 33. b3 Qc3 34. Qg4 Re1+ 35. Rxe1 Qxe1+ 36. Kh2 Qe5+ 37. Kh1 Rd8 38. h6 Qe1+ 39. Kh2 g6 40. Ng3 Qe5 41. Kh3 Re8 42. Qc4 Qe6+ 0-1


[Site "https://www.chess.com"]

[Event "Titled Tuesday Blitz May 30 Late 2023"]
[White "Florianovitz, Derlei Alex"]
[Black "Krzywda, Andrzej"]
[WhiteFideId "2114178"]
[BlackFideId "1114565"]
[WhiteElo "1953"]
[BlackElo "2155"]
[Result "1-0"]
[Round "03"]
[TimeControl "180+2"]
[Date "2023.05.31"]
[WhiteClock "0:00:01"]
[BlackClock "0:00:03"]

1. e4 e5 2. Nf3 Nf6 3. Nxe5 d6 4. Nd3 Nxe4 5. Nf4 Bf5 6. d4 Be7 7. Bd3 d5 8. O-O O-O 9. c4 dxc4 10. Bxc4 Nc6 11. Be3 Bg5 12. Nd5 Be6 13. Bxg5 Nxg5 14. Ne3 Bxc4 15. Nxc4 Qxd4 16. Qxd4 Nxd4 17. Nc3 Rad8 18. h4 Nge6 19. Rac1 c5 20. Rfe1 h5 21. a4 Nb3 22. Rcd1 Rd4 23. Nd6 b6 24. Ndb5 Rxh4 25. Nxa7 Nbd4 26. Nab5 Rg4 27. Kh2 h4 28. f3 Rg6 29. Nxd4 cxd4 30. Nd5 Kh7 31. Nxb6 Rb8 32. Nc4 Rb4 33. Ne5 Rg5 34. Nxf7 Rf5 35. Rxe6 Rxf7 36. Re4 Rxb2 37. Rxh4+ Kg8 38. Rhxd4 Rxf3 39. R1d2 Rxd2 40. Rxd2 Ra3 41. Rd4 Kf7 42. Rb4 Ke6 43. g3 Kd5 44. Kh3 Kc5 45. Rg4 Ra2 46. Rxg7 Rxa4 47. Rf7 Kd6 48. g4 Ke6 49. Rf3 Ra1 50. Kh4 Ra5 51. g5 Ra1 52. Kh5 Ke7 53. Kh6 Rh1+ 54. Kg7 Ke8 55. g6 Rg1 56. Rf4 Rh1 57. Re4+ Kd7 58. Kg8 Rg1 59. g7 Rf1 60. Rh4 Ke8 61. Kh7 1-0


[Site "https://www.chess.com"]

[Event "Titled Tuesday Blitz May 30 Late 2023"]
[White "Curtis, John"]
[Black "Torres Hernandez, Leslie Carolin"]
[WhiteFideId "3200256"]
[BlackFideId "8400504"]
[WhiteElo "2203"]
[BlackElo "1920"]
[Result "0-1"]
[Round "03"]
[TimeControl "180+2"]
[Date "2023.05.31"]
[WhiteClock "0:00:17"]
[BlackClock "0:00:06"]

1. e4 e6 2. d4 d5 3. Nd2 c5 4. exd5 exd5 5. Bb5+ Nc6 6. Qe2+ Be7 7. dxc5 Nf6 8. Ngf3 O-O 9. Nb3 Bg4 10. O-O Re8 11. Qd3 a6 12. Bxc6 bxc6 13. Ne5 Bd7 14. Nxd7 Qxd7 15. Be3 a5 16. a4 Reb8 17. Bd4 Rb4 18. Bc3 Rh4 19. Rfe1 Ne4 20. Bd4 Bd8 21. h3 Bc7 22. Re2 Ng5 23. Rae1 Ne6 24. c3 Nf4 25. Qg3 Nxe2+ 26. Rxe2 Bxg3 27. fxg3 Rxd4 28. Nxd4 Re8 29. Rf2 Re4 30. Kh2 g6 31. Rd2 f5 32. b4 f4 33. gxf4 axb4 34. cxb4 Qc7 35. Ne2 d4 36. b5 d3 37. Rxd3 Rxe2 38. b6 Qxf4+ 39. Rg3 Re3 40. Kg1 Qxg3 41. Kf1 Re1# 0-1


[Site "https://www.chess.com"]

[Event "Titled Tuesday Blitz May 30 Late 2023"]
[White "Kujawski, Adam"]
[Black "Oliveira, Tiago Batista"]
[WhiteFideId "1100920"]
[BlackFideId "2108291"]
[WhiteElo "2054"]
[BlackElo "1962"]
[Result "1-0"]
[Round "03"]
[TimeControl "180+2"]
[Date "2023.05.31"]
[WhiteClock "0:00:19"]
[BlackClock "0:00:01"]

1. e4 e5 2. Nf3 Nc6 3. Bb5 a6 4. Ba4 Nf6 5. O-O Nxe4 6. d4 b5 7. Bb3 d5 8. dxe5 Be6 9. Nbd2 Bc5 10. Qe2 Bf5 11. Nxe4 dxe4 12. Ng5 O-O 13. Nxe4 Nd4 14. Qe1 Nxb3 15. axb3 Bd4 16. Bf4 Bxb2 17. Rd1 Qe7 18. Qe2 Bxe5 19. Ng3 Bg6 20. Qxe5 Qxe5 21. Bxe5 Rfe8 22. Bxc7 Rac8 23. Ba5 Rxc2 24. Rfe1 Rec8 25. h4 h5 26. b4 Rb2 27. Rd5 Rcc2 28. Bb6 1-0


[Site "https://www.chess.com"]

[Event "Titled Tuesday Blitz May 30 Late 2023"]
[White "Horokoskii"]
[Black "gao6969"]
[WhiteElo "2135"]
[BlackElo "2349"]
[Result "0-1"]
[Round "03"]
[TimeControl "180+2"]
[Date "2023.05.31"]
[WhiteClock "0:00:02"]
[BlackClock "0:00:47"]

1. d4 Nf6 2. c4 c5 3. d5 b5 4. cxb5 a6 5. bxa6 g6 6. Nc3 Bxa6 7. e4 Bxf1 8. Kxf1 d6 9. Nf3 Bg7 10. g3 O-O 11. Kg2 Nbd7 12. a4 Ra6 13. Qe2 Qa8 14. Bd2 Rb8 15. Rhb1 e6 16. dxe6 fxe6 17. Nb5 Qxe4 18. Qxe4 Nxe4 19. Nc7 Rab6 20. Nxe6 Rxb2 21. Rxb2 Rxb2 22. Nxg7 Kxg7 23. Bf4 Rxf2+ 24. Kg1 Rxf3 25. a5 g5 26. Bc1 Rf8 27. a6 Nb6 28. Rb1 Na8 29. Rb7+ Rf7 30. Bb2+ Kg6 31. Rb8 Ra7 32. Re8 d5 33. Re6+ Kf5 34. Rc6 Nc7 35. Kg2 Nxa6 36. Kf3 g4+ 37. Ke3 Nb4 38. Rh6 d4+ 39. Ke2 Ra2 40. Rh5+ Ke6 0-1


[Site "https://www.chess.com"]

[Event "Titled Tuesday Blitz May 30 Late 2023"]
[White "Kovacs, Klara"]
[Black "Hartikainen, Jarmo"]
[WhiteFideId "733210"]
[BlackFideId "503134"]
[WhiteElo "2179"]
[BlackElo "2101"]
[Result "1-0"]
[Round "03"]
[TimeControl "180+2"]
[Date "2023.05.31"]
[WhiteClock "0:01:09"]
[BlackClock "0:00:10"]

1. Nf3 Nf6 2. c4 g6 3. b3 Bg7 4. Bb2 d6 5. g3 e5 6. Bg2 O-O 7. d3 c6 8. O-O Nbd7 9. Nbd2 Re8 10. b4 d5 11. b5 cxb5 12. cxb5 b6 13. a4 Bb7 14. Nb3 Rc8 15. Rc1 Qe7 16. Qd2 h6 17. h4 Rxc1 18. Rxc1 Rc8 19. Rxc8+ Bxc8 20. Qc2 Bb7 21. Qc7 Qb4 22. Bxe5 Qxb3 23. Qxb7 Qxa4 24. Bxf6 Nxf6 25. Bf1 Qxb5 26. Ne5 Qe8 27. Nc6 Qd7 28. Qa8+ Kh7 29. Nxa7 d4 30. Nc6 Nd5 31. Bg2 b5 32. Nb8 Nb6 33. Nxd7 Nxa8 34. Bxa8 b4 35. Bd5 Kg8 36. Nc5 Bf8 37. Nb3 Bg7 38. Kg2 Kf8 39. Kf3 Ke7 40. Ke4 f5+ 41. Kf3 Kd6 42. Bc4 Kc6 43. Bf7 g5 44. hxg5 hxg5 45. Be6 Kb5 46. Bxf5 Ka4 47. Be6 Kb5 48. Bc4+ Kc6 49. Kg4 1-0


[Site "https://www.chess.com"]

[Event "Titled Tuesday Blitz May 30 Late 2023"]
[White "Winkels, Marcel"]
[Black "rikchessmx"]
[WhiteFideId "1003887"]
[WhiteElo "1900"]
[BlackElo "2340"]
[Result "1-0"]
[Round "03"]
[TimeControl "180+2"]
[Date "2023.05.31"]
[WhiteClock "0:01:31"]
[BlackClock "0:02:08"]

1. d4 Nf6 2. Nc3 e6 3. e4 c5 4. Nf3 cxd4 5. Nxd4 a6 6. g3 Qc7 7. Bg2 Bb4 8. O-O Nc6 9. Be3 Ne5 10. h3 h5 11. Na4 b5 12. Nc3 Nc4 13. e5 Nd5 14. Nxd5 exd5 15. Bxd5 Nxe3 16. fxe3 Bb7 17. Bxf7+ Kd8 18. Ne6+ Ke7 19. Nxc7 1-0


[Site "https://www.chess.com"]

[Event "Titled Tuesday Blitz May 30 Late 2023"]
[White "deloewre"]
[Black "Rose, Felix"]
[BlackFideId "5105722"]
[WhiteElo "2098"]
[BlackElo "2039"]
[Result "0-1"]
[Round "03"]
[TimeControl "180+2"]
[Date "2023.05.31"]
[WhiteClock "0:00:01"]
[BlackClock "0:00:23"]

1. d4 Nf6 2. Bf4 d6 3. Nf3 Nbd7 4. e3 c6 5. Nc3 Qa5 6. Bc4 Ne4 7. O-O Nxc3 8. bxc3 Qxc3 9. Bb3 e6 10. e4 Be7 11. Bd2 Qb2 12. a3 d5 13. Ra2 Qxa3 14. Rxa3 Bxa3 15. exd5 cxd5 16. c4 dxc4 17. Bxc4 O-O 18. Bd3 Rd8 19. Qe2 Bf8 20. Ng5 Nf6 21. Re1 Rxd4 22. Bc3 Rh4 23. Bxf6 gxf6 24. Ne4 Bg7 25. Qf3 f5 26. Nd6 Rd4 27. Nb5 Rd8 28. Bb1 a5 29. g4 fxg4 30. Qxg4 a4 31. Qe4 a3 32. Qxh7+ Kf8 33. Nc7 Ra5 34. Nxe6+ Bxe6 35. Rxe6 Rg5+ 36. Kf1 fxe6 37. Qh4 Rd1+ 0-1


[Site "https://www.chess.com"]

[Event "Titled Tuesday Blitz May 30 Late 2023"]
[White "Ricaurte Lopez, Juan Carlos"]
[Black "Hoffmann, Asa"]
[WhiteFideId "3600327"]
[BlackFideId "2001470"]
[WhiteElo "2200"]
[BlackElo "2117"]
[Result "0-1"]
[Round "03"]
[TimeControl "180+2"]
[Date "2023.05.31"]
[WhiteClock "0:00:20"]
[BlackClock "0:01:51"]

1. e4 d6 2. d4 Nf6 3. Nc3 c6 4. f4 Qa5 5. e5 Ne4 6. Bd2 Nxd2 7. Qxd2 Bf5 8. Nf3 d5 9. Be2 e6 10. O-O c5 11. Kh1 Nc6 12. a3 cxd4 13. Nxd4 Nxd4 14. Qxd4 a6 15. Bd3 Bc5 16. Qa4+ Qxa4 17. Nxa4 Bxd3 18. Nxc5 Bxf1 19. Rxf1 b6 20. Nb3 Rc8 21. Nd4 g6 22. c3 Ke7 23. g3 h5 24. Kg2 Rc4 25. Rf3 b5 26. Kf2 Rb8 27. Rd3 a5 28. Nc2 b4 29. axb4 axb4 30. Nxb4 Rbxb4 31. cxb4 Rxb4 32. b3 f6 33. exf6+ Kxf6 34. h3 g5 35. fxg5+ Kxg5 36. Kf3 Kf5 0-1


[Site "https://www.chess.com"]

[Event "Titled Tuesday Blitz May 30 Late 2023"]
[White "Kaganskiy, Gleb"]
[Black "Phillips, Rene"]
[WhiteFideId "4132025"]
[BlackFideId "2056275"]
[WhiteElo "2165"]
[BlackElo "2076"]
[Result "1-0"]
[Round "03"]
[TimeControl "180+2"]
[Date "2023.05.31"]
[WhiteClock "0:00:16"]
[BlackClock "0:00:02"]

1. e4 Nc6 2. Nf3 d5 3. exd5 Qxd5 4. d4 Bg4 5. Be2 O-O-O 6. Be3 Nf6 7. h3 Bh5 8. O-O e5 9. c4 Qa5 10. d5 e4 11. Ng5 Bg6 12. Qb3 Ne5 13. h4 h6 14. Nh3 Qb4 15. Nf4 Bf5 16. Nc3 Qxb3 17. axb3 a6 18. Bd4 Ng6 19. Nxg6 Bxg6 20. Bxf6 gxf6 21. Nd1 Bc5 22. Ne3 f5 23. h5 Bh7 24. g3 Rhg8 25. Kh2 Bd4 26. Rab1 Be5 27. Ng2 Bh8 28. Nf4 Be5 29. Rg1 Rg5 30. b4 Rdg8 31. b3 Bd4 32. Rg2 Bc3 33. b5 axb5 34. c5 c6 35. d6 Bd4 36. b4 Be5 37. Rd1 Bxf4 38. d7+ Kd8 39. Rgg1 Bc7 40. Ra1 Ke7 41. Rgd1 Rd8 42. Ra7 f4 43. Rxb7 fxg3+ 44. fxg3 Bxg3+ 45. Kh3 Bf2 46. Bg4 Rd5 47. Rxd5 cxd5 48. c6 f5 49. c7 Rxd7 50. c8=Q fxg4+ 51. Kxg4 1-0


[Site "https://www.chess.com"]

[Event "Titled Tuesday Blitz May 30 Late 2023"]
[White "Figorito, Nick"]
[Black "campochess"]
[WhiteFideId "30923689"]
[WhiteElo "2331"]
[BlackElo "2074"]
[Result "1-0"]
[Round "03"]
[TimeControl "180+2"]
[Date "2023.05.31"]
[WhiteClock "0:01:10"]
[BlackClock "0:01:28"]

1. Nf3 c5 2. g3 Nc6 3. d4 cxd4 4. Nxd4 Qb6 5. Nb3 Nf6 6. Bg2 d5 7. O-O e6 8. c4 dxc4 9. N3d2 Be7 10. Nxc4 Qc7 11. Bf4 e5 12. Bg5 Be6 13. Ne3 Rd8 14. Qc1 O-O 15. Nc3 a6 16. Bxf6 Bxf6 17. Ncd5 Bxd5 18. Nxd5 Rxd5 19. Bxd5 Qb6 20. Bxc6 bxc6 21. e4 h5 22. h4 Rd8 23. Qc2 Rd4 24. Rfd1 c5 25. Rac1 Be7 26. b3 Qg6 27. Rxd4 exd4 28. Qd3 Bxh4 29. Rxc5 Bf6 30. Qxa6 Qxe4 31. Qc8+ Kh7 32. Qf5+ Qxf5 33. Rxf5 Kg6 34. Rd5 h4 35. gxh4 1-0


[Site "https://www.chess.com"]

[Event "Titled Tuesday Blitz May 30 Late 2023"]
[White "Maluco_do_Natal_00"]
[Black "Rodriguez Santiago, Jaime"]
[BlackFideId "3100898"]
[WhiteElo "2061"]
[BlackElo "2025"]
[Result "1-0"]
[Round "03"]
[TimeControl "180+2"]
[Date "2023.05.31"]
[WhiteClock "0:01:32"]
[BlackClock "0:01:19"]

1. e4 c6 2. d4 d5 3. Nc3 dxe4 4. Nxe4 Nf6 5. Nxf6+ exf6 6. c3 Bd6 7. Qc2 O-O 8. Bd3 Re8+ 9. Ne2 h5 10. Be3 h4 11. h3 Be6 12. c4 Nd7 13. O-O-O Nf8 14. Kb1 b5 15. c5 Bb8 16. Nf4 Bxf4 17. Bxf4 Bd5 18. f3 Ne6 19. Bd6 Nxd4 20. Bh7+ Kh8 21. Rxd4 Qa5 22. b4 Qa3 23. Rxh4 1-0


[Site "https://www.chess.com"]

[Event "Titled Tuesday Blitz May 30 Late 2023"]
[White "Campos, Maria Jose"]
[Black "dorpato"]
[WhiteFideId "146803"]
[WhiteElo "2170"]
[BlackElo "2054"]
[Result "1-0"]
[Round "03"]
[TimeControl "180+2"]
[Date "2023.05.31"]
[WhiteClock "0:02:14"]
[BlackClock "0:00:01"]

1. c4 Nf6 2. g3 g6 3. Bg2 Bg7 4. Nc3 c6 5. d3 d5 6. Nf3 dxc4 7. dxc4 Qxd1+ 8. Nxd1 Be6 9. Ne3 Nbd7 10. Nd4 Nc5 11. O-O Bd7 12. Rd1 O-O 13. b3 Rfd8 14. Ba3 b6 15. Bxc6 Bxc6 16. Nxc6 Re8 17. Rac1 Nfe4 18. f3 Nc3 19. Rd2 Ne6 20. Bb4 Bh6 21. Rxc3 a5 22. Nxe7+ Kg7 23. Ba3 Nc5 24. Bxc5 bxc5 25. N7d5 Rad8 26. Kf2 f5 27. f4 g5 28. Rcd3 gxf4 29. Nxf4 Bxf4 30. gxf4 Rxd3 31. Rxd3 Kf6 32. Rd6+ 1-0


[Site "https://www.chess.com"]

[Event "Titled Tuesday Blitz May 30 Late 2023"]
[White "NtcPou"]
[Black "drdaro"]
[WhiteElo "2036"]
[BlackElo "2320"]
[Result "0-1"]
[Round "03"]
[TimeControl "180+2"]
[Date "2023.05.31"]
[WhiteClock "0:02:29"]
[BlackClock "0:02:41"]

1. e4 f5 2. exf5 d6 3. Bd3 Nf6 4. c3 e5 5. fxe6 Bxe6 6. Nf3 Nc6 7. Bc2 Qd7 8. d4 O-O-O 9. Bg5 Bc4 10. Bd3 Re8+ 11. Kf1 Be6 12. Nbd2 Bg4 13. h3 Bh5 14. g4 Bf7 15. b4 Kb8 16. b5 Ne7 17. a4 h5 18. Bxf6 gxf6 19. g5 Be6 20. gxf6 Bxh3+ 21. Kg1 Rg8+ 22. Kh2 Rg2# 0-1


[Site "https://www.chess.com"]

[Event "Titled Tuesday Blitz May 30 Late 2023"]
[White "Stachanczyk, Jacek"]
[Black "Burke, Paul"]
[WhiteFideId "1116657"]
[BlackFideId "2605767"]
[WhiteElo "2084"]
[BlackElo "1903"]
[Result "1-0"]
[Round "03"]
[TimeControl "180+2"]
[Date "2023.05.31"]
[WhiteClock "0:02:15"]
[BlackClock "0:00:08"]

1. e4 e5 2. Nf3 Nc6 3. Bb5 f5 4. d3 Nf6 5. exf5 Be7 6. O-O O-O 7. Re1 d6 8. d4 e4 9. Ng5 Bxf5 10. d5 Ne5 11. Nc3 a6 12. Bf1 Nfg4 13. Ngxe4 Bxe4 14. Nxe4 Nxf2 15. Nxf2 Bh4 16. Be3 1-0


[Site "https://www.chess.com"]